[Event "Team 45 45 League T29"]
[Site "Free Internet Chess Server"]
[Date "2005.12.17"]
[Round "1"]
[White "Vinoblanca"]
[Black "Berke"]
[Result "1-0"]
[WhiteElo "1488"]
[BlackElo "1495"]
[TimeControl "2700+45"]

1. d4 Nf6 2. c4 e6 3. Nc3 Bb4 4. Bg5 Nc6 5. Nf3 O-O 6. e4 Be7 7. Bd3 h6 8. Bh4 Nb4 9. O-O Nxd3 10. Qxd3 b6 11. Rfe1 Bb7 12. Rad1 d6 13. h3 Nh5 14. Bxe7 Qxe7 15. Re3 Rad8 16. d5 e5 17. Qe2 Nf4 18. Qc2 Bc8 19. Ne2 Nxe2+ 20. Qxe2 f5 21. exf5 Bxf5 22. Nd4 Bd7 23. Rdd3 Rf6 24. Rg3 Qf7 25. Nf3 Re8 26. Re3 Rf8 27. b3 a6 28. Rc3 Qh5 29. Qe3 Rg6 30. Rxg6 Qxg6 31. Qd3 e4 32. Nh4 exd3 33. Nxg6 d2 34. Rd3 Bf5 35. Ne7+ Kh7 36. Rxd2 Rf7 37. Nxf5 Rxf5 38. Re2 Re5 39. Rxe5 dxe5 40. f3 Kg6 41. Kf2 Kf5 42. Ke3 g5 43. g3 h5 44. g4+ hxg4 45. hxg4+ Kf6 46. Ke4   {Black resigns} 1-0

[Event "Team 45 45 League T29"]
[Site "Free Internet Chess Server"]
[Date "2005.12.18"]
[Round "1"]
[White "alfreale"]
[Black "reijo"]
[Result "1/2-1/2"]
[WhiteElo "1598"]
[BlackElo "1451"]
[TimeControl "2700+45"]

1. e4 c6 2. Nf3 d5 3. exd5 cxd5 4. d4 Nc6 5. Nbd2 Nf6 6. Bb5 Bg4 7. Bxc6+ bxc6 8. O-O e6 9. c4 Bb4 10. Qa4 Qb6 11. c5 Qb5 12. Qxb5 cxb5 13. Ne5 Bf5 14. a3 Bxd2 15. Bxd2 Ne4 16. Be3 O-O 17. f3 Nf6 18. Rac1 h6 19. c6 Rac8 20. Bd2 Ne8 21. Bb4 Nc7 22. Bxf8 Kxf8 23. b4 Ne8 24. Rc5 Nd6 25. Ra1 f6 26. Ng4 a6 27. Ne3 Bg6 28. a4 Be8 29. axb5 axb5 30. c7 f5 31. Ra6 Ke7 32. Nc2 Nc4 33. Na3 Nd6 34. Rxd6 Kxd6 35. Nxb5+ Bxb5 36. Rxb5 Rxc7 37. Rc5 Ra7 38. b5 Ra4   {Game drawn by mutual agreement} 1/2-1/2

[Event "Team 45 45 League T29"]
[Site "Free Internet Chess Server"]
[Date "2005.12.16"]
[Round "1"]
[White "zcomcon"]
[Black "DreadPirateJosh"]
[Result "1/2-1/2"]
[WhiteElo "1719"]
[BlackElo "1676"]
[TimeControl "2700+45"]

1. e4 d6 2. d4 Nf6 3. f3 g6 4. Be3 Bg7 5. Qd2 O-O 6. Bh6 c5 7. Bxg7 Kxg7 8. Bc4 Kg8 9. Ne2 Nc6 10. O-O a6 11. dxc5 dxc5 12. c3 b5 13. Bb3 Bb7 14. Rd1 Qb6 15. Kh1 Rad8 16. Qe1 Ne5 17. Rxd8 Rxd8 18. Bc2 Nd3 19. Bxd3 Rxd3 20. Nf4 Rd7 21. Nd2 c4 22. Nf1 g5 23. Ne2 g4 24. Nd4 gxf3 25. Qg3+ Kf8 26. gxf3 Nxe4 27. fxe4 Bxe4+ 28. Kg1 Rd6 29. Kf2 Rxd4 30. cxd4 Qxd4+ 31. Ke1 Qxb2 32. Rd1 Bd3 33. Rd2 Qc1+ 34. Rd1 Qc3+ 35. Rd2 Qc1+ 36. Rd1 Qc3+ 37. Rd2 Qc1+   {Game drawn by repetition} 1/2-1/2

[Event "Team 45 45 League T29"]
[Site "Free Internet Chess Server"]
[Date "2005.12.18"]
[Round "1"]
[White "twotowers"]
[Black "thelovegambit"]
[Result "1-0"]
[WhiteElo "1635"]
[BlackElo "1586"]
[TimeControl "2700+45"]

1. Nf3 d5 2. g3 Nf6 3. Bg2 c6 4. O-O Nbd7 5. d3 e6 6. Nbd2 Bd6 7. b3 O-O 8. Bb2 Re8 9. e4 e5 10. Re1 d4 11. c3 c5 12. Nc4 Bc7 13. a4 Nb6 14. b4 Nxc4 15. dxc4 b6 16. Qd2 Bb7 17. Nh4 Qe7 18. Nf5 Qd8 19. Ba3 Bd6 20. b5 a6 21. f4 Qc7 22. cxd4 Rad8 23. Qb2 cxd4 24. Nxd6 Rxd6 25. Bxd6 Qxd6 26. fxe5 Rxe5 27. Rad1 Qc5 28. Qxd4 Qxd4+ 29. Rxd4 g6 30. Rd6 Kg7 31. Rxb6 Bxe4 32. Rxf6 Kxf6 33. Rxe4 Rxe4 34. Bxe4 axb5 35. axb5 Ke7 36. c5   {Black resigns} 1-0

[Event "Team 45 45 League T29"]
[Site "Free Internet Chess Server"]
[Date "2005.12.16"]
[Round "1"]
[White "SamuraiGoroh"]
[Black "clarinetref"]
[Result "1-0"]
[WhiteElo "1541"]
[BlackElo "1564"]
[TimeControl "2700+45"]

1. e4 c5 2. d4 cxd4 3. Qxd4 Nc6 4. Qc3 e5 5. a3 b6 6. Nf3 d6 7. Qxc6+ Bd7 8. Qc3 Rc8 9. Qb3 Rc5 10. Bc4 Be6 11. Bxe6 fxe6 12. Qxe6+ Qe7 13. Qxe7+ Bxe7 14. Nc3 Nf6 15. Be3 Rc4 16. Nd2 Rc7 17. f3 O-O 18. O-O-O Rfc8 19. Ndb1 b5 20. Rd2 a5 21. Nxb5 Rc6 22. Na7 Rxc2+ 23. Rxc2 Rd8   {Black resigns} 1-0

[Event "Team 45 45 League T29"]
[Site "Free Internet Chess Server"]
[Date "2005.12.17"]
[Round "1"]
[White "xplan"]
[Black "maglover"]
[Result "1-0"]
[WhiteElo "1506"]
[BlackElo "1523"]
[TimeControl "2700+45"]

1. e4 e5 2. Nf3 Nc6 3. Nc3 Bc5 4. Nxe5 Nxe5 5. d4 Bxd4 6. Qxd4 d6 7. Bf4 Qf6 8. Bxe5 Qxe5 9. Qxe5+ dxe5 10. Nd5 Kd7 11. Rd1 c6 12. Nb6+ Kc7 13. Nxa8+ Kb8 14. Rd8 b5 15. Be2 Kb7 16. O-O Be6 17. b3 h5 18. c4 bxc4 19. Bxc4 Bxc4 20. bxc4   {Black resigns} 1-0

[Event "Team 45 45 League T29"]
[Site "Free Internet Chess Server"]
[Date "2005.12.20"]
[Round "1"]
[White "Scapegoated"]
[Black "reijo"]
[Result "0-1"]
[WhiteElo "1532"]
[BlackElo "1458"]
[TimeControl "2700+45"]

1. d4 d5 2. c4 c6 3. Nc3 Nf6 4. Nf3 e6 5. Bg5 h6 6. Bxf6 Qxf6 7. e3 Nd7 8. Bd3 dxc4 9. Bxc4 g6 10. O-O Bg7 11. Qd2 O-O 12. Rad1 Nb6 13. Bb3 Rd8 14. Ne5 Nd7 15. Ne4 Qe7 16. Nxd7 Rxd7 17. Rfe1 b6 18. a4 a5 19. Qc3 Bb7 20. Ng3 Rad8 21. Ne2 e5 22. Ba2 Qb4 23. Qxb4 axb4 24. Bb3 c5 25. dxc5 bxc5 26. Kf1 Ba6 27. Rxd7 Rxd7 28. Bd1 Rd2 29. b3 c4 30. bxc4 Bxc4 31. f3 b3 32. Bxb3 Bxb3 33. a5 Bc4 34. Kf2 Bf8 35. e4 Bc5+ 36. Kf1   {White resigns} 0-1

[Event "Team 45 45 League T29"]
[Site "Free Internet Chess Server"]
[Date "2005.12.16"]
[Round "1"]
[White "SandiaF"]
[Black "wekabird"]
[Result "1-0"]
[WhiteElo "1388"]
[BlackElo "1366"]
[TimeControl "2700+45"]

1. d4 d5 2. Nf3 c6 3. e3 Nf6 4. Bd3 e6 5. Nbd2 b5 6. c3 Bd6 7. O-O O-O 8. e4 dxe4 9. Nxe4 Nxe4 10. Bxe4 Qc7 11. Qd3 Nd7 12. Bxh7+ Kh8 13. g3 Nf6 14. Ng5 Nxh7 15. Qxh7#   {Black checkmated} 1-0

[Event "Team 45 45 League T29"]
[Site "Free Internet Chess Server"]
[Date "2005.12.16"]
[Round "1"]
[White "jerryrab"]
[Black "UIPawn"]
[Result "1/2-1/2"]
[WhiteElo "1313"]
[BlackElo "1193"]
[TimeControl "2700+45"]

1. f4 e6 2. Nf3 Nc6 3. e4 d6 4. d4 Nf6 5. Nc3 Be7 6. e5 dxe5 7. fxe5 Nd5 8. Qd3 O-O 9. Nxd5 Qxd5 10. Bg5 Bb4+ 11. c3 Be7 12. Bxe7 Nxe7 13. Ng5 Ng6 14. Nf3 Bd7 15. Be2 Bb5 16. Qxb5 Qxb5 17. Bxb5 c6 18. Ba4 Rad8 19. O-O-O b5 20. Bb3 Nf4 21. g3 Nd5 22. c4 bxc4 23. Bxc4 Ne3 24. Rd3 Nxc4 25. Rc3 Na5 26. Ra3 Nc4 27. Rxa7 Ra8 28. Rxa8 Rxa8 29. b3 Ne3 30. a4 Rb8 31. Nd2 Nf5 32. Kb2 Nxd4 33. Rc1 h6 34. Rc4 Nf5 35. Rxc6 Rd8 36. Ne4 Nd4 37. Rc7 Nf3 38. h4 Nxe5 39. Ka3 f5 40. Nc5 Re8 41. a5 Ra8 42. a6 h5 43. a7 Kh7 44. Nxe6 Kg6 45. Rxg7+ Kf6 46. Nc7 Rxa7+ 47. Kb4 Nd3+ 48. Kc4 Ne5+ 49. Kc5 Ra5+ 50. Kb6 Ra3 51. Rh7 Rxb3+ 52. Ka5 Rxg3 53. Rxh5 Ng6 54. Nd5+ Ke5 55. Nc7 Rh3 56. Ne8 Nf4 57. Rh6 Ra3+ 58. Kb4 Ra7 59. Kc5 Ra5+ 60. Kb4 Rd5 61. Ng7 Rd4+ 62. Kb5 Rd5+ 63. Kc6 Rd8 64. Kc7 Rg8 65. Nh5 Nxh5 66. Rxh5 Ke4 67. Rg5 Rh8 68. h5 f4 69. Kd6 f3 70. Re5+ Kf4 71. Kd5 Kg4 72. Re4+ Kxh5 73. Rf4 Rd8+ 74. Ke4 Rd1 75. Rxf3 Re1+ 76. Kf4 Kh4 77. Rg3 Rf1+ 78. Rf3 Rxf3+ 79. Kxf3   {Neither player has mating material} 1/2-1/2

[Event "Team 45 45 League T29"]
[Site "Free Internet Chess Server"]
[Date "2005.12.16"]
[Round "1"]
[White "Bijection"]
[Black "redback"]
[Result "1-0"]
[WhiteElo "1652"]
[BlackElo "1412"]
[TimeControl "2700+45"]

1. Nf3 d5 2. d4 Nf6 3. Nbd2 Bf5 4. c4 c6 5. e3 e6 6. Be2 Ne4 7. O-O Be7 8. Nxe4 Bxe4 9. Bd3 Bxf3 10. Qxf3 O-O 11. cxd5 cxd5 12. e4 Nc6 13. Be3 Bg5 14. exd5 exd5 15. Qf5 f6 16. Qxh7+ Kf7 17. Qg6+ Kg8 18. Bxg5 fxg5 19. Qh7+ Kf7 20. Bg6+ Kf6 21. f4 Ke7 22. Rae1+ Kd6 23. fxg5 Rxf1+ 24. Rxf1 Nxd4 25. Qxg7 Qb6 26. Qf6+ Ne6+ 27. Kh1 Rf8 28. Bf7 Rxf7 29. Qxf7 Nxg5 30. Qf6+ Ne6 31. Re1 Kd7 32. Qf7+ Kc8 33. Qxe6+ Qxe6 34. Rxe6 Kc7 35. Re1 Kd6 36. h4 d4 37. h5 Kd5 38. h6 d3 39. h7 Kc4 40. h8=Q d2 41. Qc3+ Kb5 42. Qxd2 a5 43. Qd5+ Ka6 44. Re6+ b6 45. Re8 b5 46. Qc6+ Ka7 47. Re7+ Kb8 48. Qe8#   {Black checkmated} 1-0

[Event "Team 45 45 League T29"]
[Site "Free Internet Chess Server"]
[Date "2005.12.17"]
[Round "1"]
[White "chesstalker"]
[Black "rgadoury"]
[Result "1/2-1/2"]
[WhiteElo "1450"]
[BlackElo "1400"]
[TimeControl "2700+45"]

1. e4 d6 2. Nc3 e5 3. Nf3 Nf6 4. Bc4 Be7 5. d3 O-O 6. Bg5 Nc6 7. a3 Nd4 8. Nxd4 exd4 9. Nd5 Nxd5 10. Bxe7 Qxe7 11. Bxd5 c6 12. Bb3 Be6 13. Rc1 Bxb3 14. cxb3 c5 15. O-O a6 16. Re1 b6 17. b4 f6 18. Qb3+ Kh8 19. Re2 Qe5 20. Rf1 g5 21. f3 h5 22. Ref2 Kg7 23. f4 gxf4 24. Rxf4 Kg6 25. Qd1 Ra7 26. Rf5 Qe7 27. Qxh5+ Kg7 28. Qg4+ Kf7 29. Qh5+ Ke6 30. Qg4 Kf7 31. Qh5+ Ke6 32. Qg4 Kf7   {Game drawn by repetition} 1/2-1/2

[Event "Team 45 45 League T29"]
[Site "Free Internet Chess Server"]
[Date "2005.12.14"]
[Round "1"]
[White "zandree"]
[Black "blkmagic"]
[Result "1-0"]
[WhiteElo "1288"]
[BlackElo "1136"]
[TimeControl "2700+45"]

1. e4 e5 2. Nf3 Nc6 3. Bc4 Nf6 4. Ng5 d5 5. exd5 Nxd5 6. Qf3 Be6 7. Nc3 Ncb4 8. Nxe6 fxe6 9. Qh5+ g6 10. Qxe5 Nxc2+ 11. Ke2 Nxa1 12. Qxh8 Nf4+ 13. Kf3 Nd5 14. Re1 Qe7 15. Nxd5 Qf7+ 16. Nf6+ Ke7 17. Rxe6+ Kd8 18. Rd6+ Ke7 19. Bxf7 Kxd6 20. Ne8+ Ke7 21. Qxh7 Rd8 22. Bxg6+   {Black resigns} 1-0

[Event "Team 45 45 League T29"]
[Site "Free Internet Chess Server"]
[Date "2005.12.19"]
[Round "1"]
[White "Nemisis"]
[Black "SerhiyFranchuk"]
[Result "0-1"]
[WhiteElo "1868"]
[BlackElo "2018"]
[TimeControl "2700+45"]

1. e4 e5 2. Nf3 Nf6 3. d3 Nc6 4. g3 Bc5 5. Bg2 d6 6. c3 Bb6 7. Nbd2 Bg4 8. h3 Bh5 9. g4 Bg6 10. Nc4 Qe7 11. a4 a6 12. Nxb6 cxb6 13. Be3 Nd7 14. h4 h5 15. g5 Rd8 16. Nd2 Nc5 17. Nc4 d5 18. Bxc5 Qxc5 19. exd5 Rxd5 20. Bxd5 Qxd5 21. Ke2 e4 22. Ne3 exd3+ 23. Kd2 Qe4 24. Rh3 Ne5 25. Qh1 Qf4 26. Rf1 Be4 27. Qg1 Nc4+   {White resigns} 0-1

[Event "Team 45 45 League T29"]
[Site "Free Internet Chess Server"]
[Date "2005.12.15"]
[Round "1"]
[White "MStav"]
[Black "RomaLavrn"]
[Result "1/2-1/2"]
[WhiteElo "1662"]
[BlackElo "1885"]
[TimeControl "2700+45"]

1. d4 Nf6 2. c4 e6 3. g3 d5 4. Bg2 Bb4+ 5. Nd2 O-O 6. Qb3 Be7 7. Ngf3 c6 8. O-O b6 9. Ne5 Bb7 10. Ndf3 Nbd7 11. Bg5 Rc8 12. Rac1 h6 13. Bxf6 Bxf6 14. cxd5 cxd5 15. Rc2 Bxe5 16. Nxe5 Nxe5 17. dxe5 Qg5 18. f4 Qe7 19. Rfc1 Rxc2 20. Rxc2 Rc8 21. Rxc8+ Bxc8 22. Qc3 Qc5+ 23. e3 Qxc3 24. bxc3 a5 25. Kf2 Ba6 26. e4 Bc4 27. a3 Kf8 28. Ke3 dxe4 29. Bxe4 Ke7 30. Kd4 Ba6 31. Bc6 Kd8 32. c4 Kc7 33. Be8 f5 34. exf6 gxf6 35. Bg6 Kd6 36. Bd3 Bb7 37. h4   {Game drawn by mutual agreement} 1/2-1/2

[Event "Team 45 45 League T29"]
[Site "Free Internet Chess Server"]
[Date "2005.12.17"]
[Round "1"]
[White "phorku"]
[Black "twinders"]
[Result "0-1"]
[WhiteElo "1558"]
[BlackElo "1729"]
[TimeControl "2700+45"]

1. e4 c5 2. Bc4 d6 3. Nc3 Nf6 4. d3 Bg4 5. f3 Bh5 6. g4 Bg6 7. Qe2 Nc6 8. a3 e6 9. Be3 Be7 10. O-O-O a6 11. d4 cxd4 12. Bxd4 Nxd4 13. Rxd4 Qb6 14. Rd1 Rc8 15. Nh3 Qc5 16. Bb3 b5 17. Nf4 Qg5 18. Qd2 e5 19. Nd3 Qxd2+ 20. Rxd2 Nd7 21. Kb1 Bg5 22. Re2 h5 23. Nf2 hxg4 24. Nxg4 Rh3 25. Rd1 Rc6 26. Bd5 Rb6 27. Rg1 Bf4 28. Rgg2 Rxf3 29. Ref2 Rxf2 30. Rxf2 Ke7 31. Bb3 Rc6 32. Nd5+ Kf8 33. Nxf4 exf4 34. Rxf4 f6 35. Be6 Ne5 36. Nxe5 dxe5 37. Bd5 Rd6 38. Rg4 Bf7 39. Bxf7 Kxf7 40. b3 a5 41. a4 bxa4 42. bxa4 Rd4 43. Kb2 Rxa4 44. c3 f5 45. Rg5 Kf6 46. Rxf5+ Ke6 47. Kb3 Rxe4 48. Rf8 Rh4 49. Ra8 a4+ 50. Rxa4 Rxa4 51. Kxa4 Kd5 52. Kb4 e4 53. c4+ Kc6 54. c5 Kd5 55. c6 e3 56. c7 e2 57. c8=Q e1=Q+ 58. Qc3 Qxc3+ 59. Kxc3 Ke4 60. Kd2 Kf3 61. Kd3 g5 62. h3 Kg3 63. Ke2 Kxh3 64. Kf2 g4 65. Kg1 Kg3 66. Kh1 Kf2 67. Kh2 g3+ 68. Kh3 g2 69. Kh4 g1=Q 70. Kh5 Kf3 71. Kh6 Kf4 72. Kh7 Kf5 73. Kh8 Kf6 74. Kh7 Qg7#   {White checkmated} 0-1

[Event "Team 45 45 League T29"]
[Site "Free Internet Chess Server"]
[Date "2005.12.19"]
[Round "1"]
[White "sirpicha"]
[Black "uiknight"]
[Result "1/2-1/2"]
[WhiteElo "1861"]
[BlackElo "1938"]
[TimeControl "2700+45"]

1. e4 c5 2. Nf3 Nc6 3. d4 cxd4 4. Nxd4 Nf6 5. Nc3 e5 6. Ndb5 d6 7. Nd5 Nxd5 8. exd5 Nb8 9. Be3 Be7 10. Bd3 O-O 11. Qh5 f5 12. O-O-O a6 13. Nc3 b5 14. g4 g6 15. Qh6 Rf7 16. gxf5 Bxf5 17. Bxf5 Rxf5 18. Rhg1 Qf8 19. Rxg6+ hxg6 20. Qxg6+ Kh8 21. Rg1 Qf7 22. Qh6+ Qh7 23. Qe6 Rf6 24. Qc8+ Rf8 25. Qe6 Rf6 26. Qc8+ Rf8 27. Qe6 Rf6 28. Qc8+   {Game drawn by repetition} 1/2-1/2

[Event "Team 45 45 League T29"]
[Site "Free Internet Chess Server"]
[Date "2005.12.17"]
[Round "1"]
[White "MFalme"]
[Black "deionsandersson"]
[Result "0-1"]
[WhiteElo "1509"]
[BlackElo "1868"]
[TimeControl "2700+45"]

1. e4 g6 2. d4 d6 3. Nf3 Bg7 4. d5 Nd7 5. Bc4 Ngf6 6. Bd3 O-O 7. O-O Nc5 8. Re1 e5 9. b4 Ncd7 10. c4 Nh5 11. Nc3 h6 12. Be3 a6 13. Qd2 Nf4 14. Bxf4 exf4 15. Qxf4 Bxc3 16. Qxh6 Bg7 17. Qh3 Ne5 18. Qh4 Nxf3+   {White resigns} 0-1

[Event "Team 45 45 League T29"]
[Site "Free Internet Chess Server"]
[Date "2005.12.16"]
[Round "1"]
[White "spendius"]
[Black "ccucina"]
[Result "0-1"]
[WhiteElo "1709"]
[BlackElo "1590"]
[TimeControl "2700+45"]

1. e4 e5 2. Nf3 Nc6 3. Bc4 Nf6 4. Ng5 d5 5. exd5 Na5 6. Bb5+ c6 7. dxc6 bxc6 8. Be2 h6 9. Nf3 e4 10. Ne5 Qd5 11. Ng4 Nxg4 12. Bxg4 Qg5 13. Bxc8 Qxg2 14. Bd7+ Kxd7 15. Rf1 Nc4 16. d4 f5 17. b3 Nb6 18. Ba3 Nd5 19. Bxf8 Rhxf8 20. Na3 e3 21. Qd3 e2 22. Qxe2 Rae8 23. Qxe8+ Rxe8+ 24. Kd2 Qg5+ 25. Kd3 Qf4 26. Rad1 Re3+ 27. Kd2   {White resigns} 0-1

[Event "Team 45 45 League T29"]
[Site "Free Internet Chess Server"]
[Date "2005.12.16"]
[Round "1"]
[White "sixkiller"]
[Black "Litovec"]
[Result "1-0"]
[WhiteElo "1528"]
[BlackElo "1687"]
[TimeControl "2700+45"]

1. e4 e5 2. Nf3 Nc6 3. Bb5 Bc5 4. c3 a6 5. Bxc6 dxc6 6. d4 exd4 7. cxd4 Bb4+ 8. Nc3 Bg4 9. Be3 Qe7 10. Qd3 Nf6 11. Ne5 Rd8 12. Nxg4 Nxg4 13. O-O O-O 14. Bf4 c5 15. Nd5 Qd7 16. Bxc7 Rc8 17. a3 Rxc7 18. Nxc7 Qxc7 19. g3 Ba5 20. Rac1 Rd8 21. Qf3 Qd7 22. Rxc5 Bb6 23. Rd5 Qe6 24. Rxd8+ Bxd8 25. d5 Qd7 26. Rc1 Bb6 27. Rc2 Nxf2 28. Rxf2 Bxf2+ 29. Kxf2 Qb5 30. Qc3 g6 31. b4 Qe8 32. Qd3 Qe5 33. d6 Kf8 34. d7 Qf6+ 35. Kg2 Qd8 36. Qd6+ Kg7 37. e5 Kg8 38. a4 h6 39. h4 h5 40. a5 Kh7 41. e6 fxe6 42. Qxe6 Qc7 43. Qe7+ Kh6 44. Qf8+ Kh7 45. d8=Q Qc6+ 46. Qf3 Qc2+ 47. Kh3 Qc4 48. Qe7+   {Black resigns} 1-0

[Event "Team 45 45 League T29"]
[Site "Free Internet Chess Server"]
[Date "2005.12.18"]
[Round "1"]
[White "Maras"]
[Black "aacevedo"]
[Result "1/2-1/2"]
[WhiteElo "2143"]
[BlackElo "2047"]
[TimeControl "2700+45"]

1. d4 d5 2. Bg5 c6 3. Nd2 Qb6 4. Nb3 h6 5. Bh4 Bf5 6. e3 Nd7 7. Nf3 Ngf6 8. Bd3 Ne4 9. O-O g5 10. Bg3 Bg7 11. c4 O-O 12. Qe2 dxc4 13. Bxc4 Nxg3 14. hxg3 e5 15. e4 Bg4 16. d5 cxd5 17. Bxd5 Nf6 18. Bc4 Rac8 19. Rac1 Rc7 20. Rc3 Bh5 21. Rfc1 Bg6 22. Bd3 Rxc3 23. Rxc3 Rd8 24. Nxe5 Nxe4 25. Bxe4 Bxe5 26. Rd3 Bxe4 27. Rxd8+ Qxd8 28. Qxe4 Qd1+ 29. Kh2 Qh5+ 30. Kg1   {Game drawn by mutual agreement} 1/2-1/2

[Event "Team 45 45 League T29"]
[Site "Free Internet Chess Server"]
[Date "2005.12.16"]
[Round "1"]
[White "gracey"]
[Black "batteryincluded"]
[Result "1/2-1/2"]
[WhiteElo "2068"]
[BlackElo "2047"]
[TimeControl "2700+45"]

1. c4 e5 2. e4 Nf6 3. d3 Bc5 4. Nc3 d6 5. Be2 Nc6 6. Be3 O-O 7. h3 Nd4 8. Nf3 a5 9. O-O c6 10. Qd2 Ne8 11. Nh2 Nc7 12. f4 Qh4 13. fxe5 Qg3 14. Kh1 dxe5 15. Bf2 Qg6 16. Nf3 Nxf3 17. Bxf3 Bxf2 18. Qxf2 Ne6 19. Qe3 Nd4 20. Rac1 Qg3 21. Na4 Bxh3 22. gxh3 Qxh3+ 23. Kg1 Rad8 24. Qf2 Rd6 25. Bg2 Qxd3 26. Rfe1 Ne6 27. c5 Rd4 28. Nb6 Qa6 29. Qf1 Qa7 30. Qf5 Rfd8 31. Qxe5 Rd2 32. Rf1 h6   {Game drawn by mutual agreement} 1/2-1/2

[Event "Team 45 45 League T29"]
[Site "Free Internet Chess Server"]
[Date "2005.12.14"]
[Round "1"]
[White "RomaLavrn"]
[Black "CelticDeath"]
[Result "0-1"]
[WhiteElo "1887"]
[BlackElo "1774"]
[TimeControl "2700+45"]

1. Nf3 Nf6 2. c4 g6 3. b4 Bg7 4. Bb2 d6 5. d4 O-O 6. e3 Bf5 7. Be2 c5 8. b5 Bxb1 9. Qxb1 Nbd7 10. O-O Qc7 11. a4 e6 12. h3 d5 13. Rc1 Ne4 14. cxd5 exd5 15. dxc5 Ndxc5 16. Bxg7 Kxg7 17. Nd4 Qe5 18. Ra2 Ne6 19. Nf3 Qd6 20. Rac2 N6c5 21. a5 b6 22. a6 f5 23. Nd4 f4 24. Qa1 Kg8 25. Bg4 fxe3 26. fxe3 h5 27. Bf3 Qg3 28. Rf1 Nd3 29. Ne2 Qg5 30. Qd4 Rxf3 31. Rxf3 Ne1 32. Nf4 Nxf3+   {White resigns} 0-1

[Event "Team 45 45 League T29"]
[Site "Free Internet Chess Server"]
[Date "2005.12.14"]
[Round "1"]
[White "Sportsmen"]
[Black "JBFelo"]
[Result "1-0"]
[WhiteElo "2180"]
[BlackElo "2011"]
[TimeControl "2700+45"]

1. e4 e5 2. Nf3 Nc6 3. d4 exd4 4. Nxd4 Bc5 5. Be3 Qf6 6. c3 Nge7 7. Bc4 Ne5 8. Be2 Qg6 9. O-O O-O 10. Nd2 d5 11. Bh5 Qf6 12. f4 Nc4 13. Nxc4 dxc4 14. Qe2 Bb6 15. Qxc4 Bd7 16. Rad1 a6 17. Rfe1 Rad8 18. Bf3 Ng6 19. e5 Qe7 20. Bxb7 c5 21. Nc6 Bxc6 22. Bxc6 Rc8 23. Bf3 Nh4 24. Qe4 Nxf3+ 25. Qxf3 Rfd8 26. Rxd8+ Bxd8 27. Rd1 c4 28. Qd5 g6 29. Qd7 Rb8 30. Qxe7 Bxe7 31. Rd7 Kf8 32. Bc1 Rc8 33. Kf2 Ke8 34. Rd5 Rb8 35. Ke3 Rc8 36. Ke4 h5 37. g3 Rc6 38. h3 Bc5 39. g4 hxg4 40. hxg4 Bg1 41. f5 Bh2 42. Bg5 gxf5+ 43. gxf5 Kf8 44. Rd8+ Kg7 45. Bf6+   {Black resigns} 1-0

[Event "Team 45 45 League T29"]
[Site "Free Internet Chess Server"]
[Date "2005.12.17"]
[Round "1"]
[White "danilosadjuto"]
[Black "HotDonut"]
[Result "1-0"]
[WhiteElo "1957"]
[BlackElo "1941"]
[TimeControl "2700+45"]

1. e4 c6 2. d4 d5 3. e5 Bf5 4. Bd3 Bxd3 5. Qxd3 e6 6. Nf3 c5 7. dxc5 Qc7 8. b4 b6 9. c4 dxc4 10. Qxc4 bxc5 11. O-O Ne7 12. Nc3 Nd7 13. Nb5 Qc6 14. Nd6+ Kd8 15. Nxf7+   {Black resigns} 1-0

[Event "Team 45 45 League T29"]
[Site "Free Internet Chess Server"]
[Date "2005.12.16"]
[Round "1"]
[White "lodda"]
[Black "jjgsmm"]
[Result "1-0"]
[WhiteElo "1929"]
[BlackElo "1658"]
[TimeControl "2700+45"]

1. d4 d5 2. e3 e6 3. Bd3 Nf6 4. Nd2 Be7 5. f4 Nc6 6. c3 b6 7. Ngf3 h6 8. Ne5 Bd7 9. O-O Qc8 10. Ndf3 Bd6 11. Qe1 Qb7 12. Qg3 Bxe5 13. fxe5 Ne4 14. Qxg7 O-O-O 15. Nd2 Ng5 16. h4 Rdg8 17. Qf6 Ne4 18. Nxe4 dxe4 19. Bxe4 Qa6 20. Qxf7 Rf8 21. Qxf8+ Rxf8 22. Rxf8+ Nd8 23. Kf2 c6 24. g4 Kc7 25. g5 hxg5 26. hxg5 c5 27. g6 Bb5 28. g7 Bf1 29. Kg3 Qe2 30. g8=Q Qg2+   {Black resigns} 1-0

[Event "Team 45 45 League T29"]
[Site "Free Internet Chess Server"]
[Date "2005.12.20"]
[Round "1"]
[White "zandree"]
[Black "mandragora"]
[Result "0-1"]
[WhiteElo "1308"]
[BlackElo "1836"]
[TimeControl "2700+45"]

1. e4 e5 2. Nf3 Nc6 3. Bc4 Bc5 4. d3 d6 5. Ng5 Nh6 6. Qf3 Qe7 7. Nc3 Na5 8. Nd5 Qd7 9. Nf6+ gxf6 10. Qxf6 Rf8 11. Qxh6 Nxc4 12. dxc4 f6 13. Nxh7 Qf7 14. Nxf8 Qxf8 15. Qg6+ Ke7 16. Bh6 Qh8 17. Bg7 Qh4 18. g3 Qg5 19. Qxg5 fxg5 20. Bh6 Kf6 21. h4 gxh4 22. Rxh4 Be6 23. Be3 Bxe3 24. fxe3 Rg8 25. Rh6+ Ke7 26. O-O-O Rxg3 27. Rf1 Kd7 28. Rff6 Bxc4 29. Rfg6 Rxe3 30. Kd2 Rxe4 31. Rh7+ Kc6 32. b3 Ba6 33. Rgg7 Re2+ 34. Kc3 Re3+ 35. Kb2 Rf3 36. Rxc7+ Kb6 37. Rcd7 Rf6 38. Rhf7 Rh6 39. Rd8 Bb5 40. a4 Bc6 41. Rc8 a6 42. Rfc7 d5 43. Re7 e4 44. Rg8 Kc5 45. Reg7 Re6 46. Rg6 Re7 47. R8g7 Re8 48. Rg4 Kd4 49. c3+ Kd3 50. Rg3+ e3 51. R7g4 Re4 52. Rg2 Rxg4 53. Rxg4 e2 54. Rg3+ Kd2 55. Rg1 e1=Q 56. Rxe1 Kxe1 57. b4 Bxa4 58. Ka3 Bb5 59. Kb3 Kd2 60. Kb2 Bc4 61. Ka3 Kxc3 62. Ka4 Bb5+ 63. Ka5 d4 64. Kb6 Kxb4 65. Kxb7 d3 66. Kb6 d2 67. Kb7 d1=Q 68. Kb6 Qd6+ 69. Kb7 Kc5 70. Ka7 Qc7+ 71. Ka8 Bc6#   {White checkmated} 0-1

[Event "Team 45 45 League T29"]
[Site "Free Internet Chess Server"]
[Date "2005.12.18"]
[Round "1"]
[White "sonareclipse"]
[Black "NBZ"]
[Result "0-1"]
[WhiteElo "2016"]
[BlackElo "1965"]
[TimeControl "2700+45"]

1. e4 c6 2. d4 d5 3. exd5 cxd5 4. c4 Nf6 5. Nc3 Nc6 6. c5 Bf5 7. Nf3 e6 8. Bb5 a6 9. Bxc6+ bxc6 10. Qa4 Qc7 11. Ne5 Rc8 12. Qxa6 Bxc5 13. Bf4 Bd6 14. Rc1 Bxe5 15. Bxe5 Qd8 16. Bd6 Bd3 17. Qb7 Qd7 18. Qxd7+ Nxd7 19. Kd2 Bc4 20. b3 Ba6 21. Na4 f6 22. Rc3 Kf7 23. Rhc1 Bb7 24. f4 h6 25. Nb2 g5 26. g3 Rhg8 27. Nd3 gxf4 28. Bxf4 h5 29. Nb4 e5 30. Be3 c5 31. Rxc5 Nxc5 32. Rxc5 Rxc5 33. dxc5 d4 34. Bf2 Rc8 35. Nd3 e4 36. Bxd4 exd3 37. Kxd3 Bd5 38. Kc3 Rb8 39. Be3 Ke6 40. Bd4 f5 41. Kb2 Rb7 42. Bc3 Kd7 43. b4 Kc6 44. a4 Bc4 45. Bd4 Rxb4+   {White resigns} 0-1

[Event "Team 45 45 League T29"]
[Site "Free Internet Chess Server"]
[Date "2005.12.16"]
[Round "1"]
[White "purplepawns"]
[Black "maeck"]
[Result "0-1"]
[WhiteElo "1829"]
[BlackElo "1926"]
[TimeControl "2700+45"]

1. e4 c5 2. Nf3 e6 3. c4 Nc6 4. Be2 g6 5. O-O Bg7 6. Nc3 a6 7. d3 Nge7 8. Bg5 O-O 9. Qd2 f5 10. Rad1 Qc7 11. Bxe7 Nxe7 12. d4 cxd4 13. Nxd4 fxe4 14. Nxe4 Rf4 15. Bf3 d5 16. Ne2 Rh4 17. N4g3 Rxc4 18. Rc1 b5 19. b3 Rxc1 20. Rxc1 Qb6 21. Qg5 Qd6 22. Qf4 e5 23. Qd2 Bf5 24. Nc3 Rc8 25. Nxf5 gxf5 26. Nxd5 Rxc1+ 27. Qxc1 Nxd5 28. Qc8+ Bf8 29. Qxf5 Nf6 30. g4 e4 31. Bxe4 Qd1+ 32. Kg2 Qxg4+ 33. Qxg4+ Nxg4 34. a4 bxa4 35. bxa4 a5 36. Kg3 Nf6 37. Bc6 Bd6+ 38. Kg2 Kg7 39. f3 Nh5 40. Kh3 Kf6 41. Kg4 Ng7 42. h4 h5+ 43. Kh3 Kf5 44. Be4+ Kf4 45. Bc6 Be7 46. Bd5 Nf5 47. Bf7 Nxh4 48. Bxh5 Nxf3 49. Kg2 Nd4 50. Kf2 Ke4 51. Bg6+ Kd5 52. Ke3 Kc5 53. Kd3 Nc6 54. Kc3 Bf6+ 55. Kb3 Ne5 56. Be4 Kd4 57. Bc2 Nd7 58. Bg6 Nc5+ 59. Ka3 Kc3 60. Bf7 Bg5 61. Be8 Bc1+ 62. Ka2 Kb4 63. Kb1 Bf4 64. Ka1 Be5+ 65. Ka2 Nxa4 66. Bc6 Nc3+ 67. Kb2 Nb5+ 68. Ka2 a4 69. Be8 Nc3+ 70. Ka1 Kb3 71. Bxa4+ Nxa4+ 72. Kb1 Bf4 73. Ka1 Nb6 74. Kb1 Nc4 75. Ka1 Bd2 76. Kb1 Na3+ 77. Ka1 Bc3#   {White checkmated} 0-1